 Dungeon Crawl Stone Soup version 0.25.1-2-g60ff931df9 (webtiles) character file.

Game seed: 4150637214950561468

55361 sizableburger the Thaumaturge (level 14, -9/111 HPs)
             Began as a Gnoll Warper on Oct 26, 2020.
             Was an Elder of Nemelex Xobeh.
             Mangled by a spriggan rider
             ... wielding a +0 spear
              (10 damage)
             ... on level 6 of the Lair of Beasts on Nov 2, 2020.
             The game lasted 01:26:25 (35946 turns).

sizableburger the Thaumaturge (Gnoll Warper)       Turns: 35946, Time: 01:26:25

Health: -9/111     AC: 16    Str: 16    XL:     14   Next: 77%
Magic:  0/28       EV: 20    Int: 17    God:    Nemelex Xobeh [****..]
Gold:   1121       SH:  8    Dex: 16    Spells: 15/34 levels left

rFire    + . .     SeeInvis +   N - +3 scimitar (flame)
rCold    . . .     Gourm    .   z - +2 buckler
rNeg     . . .     Faith    .   I - +0 scale mail {rF+}
rPois    .         Spirit   +   m - +2 helmet
rElec    .         Reflect  .   w - +0 cloak
rCorr    .         Harm     .   D - +0 pair of gloves
MR       +....                  c - +0 pair of boots
Stlth    +++.......             g - amulet of guardian spirit
HPRegen  0.28/turn              x - ring of see invisible
MPRegen  0.21/turn              h - +4 ring of evasion

@: lethally poisoned (-9 -> -11), drained
A: distributed training, fangs 1, strong nose
a: Draw Escape, Draw Destruction, Draw Summoning, Triple Draw, Deal Four,
Renounce Religion


You were on level 6 of the Lair of Beasts.
You worshipped Nemelex Xobeh.
Nemelex Xobeh was greatly pleased with you.
You were not hungry.

You visited 3 branches of the dungeon, and saw 18 of its levels.
You also visited: Ice Cave.

You collected 1121 gold pieces.

Inventory:

Hand Weapons
 a - a +0 hand axe
 v - a +1 longbow of flaming
 N - a +3 scimitar of flaming (weapon)
 R - a +0 shortbow
Missiles
 s - 6 silver boomerangs (quivered)
 F - 180 arrows
Armour
 b - a +0 leather armour
 c - a +0 pair of boots (worn)
 m - a +2 helmet (worn)
 w - a +0 cloak (worn)
 z - a +2 buckler (worn)
 A - a +0 scale mail
 D - a +0 pair of gloves (worn)
 I - a +0 scale mail of fire resistance (worn)
Magical Staves
 d - an uncursed staff of summoning
Jewellery
 g - an amulet of guardian spirit (around neck)
 h - a +4 ring of evasion (right hand)
 i - an uncursed ring of flight
 x - a ring of see invisible (left hand)
 C - an uncursed ring of stealth
 H - an uncursed ring of resist corrosion
 S - an uncursed amulet of reflection
Wands
 e - a wand of random effects (5)
 u - a wand of polymorph (5)
 y - a wand of iceblast (20)
 K - a wand of flame (16)
 L - a wand of disintegration (13)
Scrolls
 k - 2 scrolls of enchant armour
 l - 7 scrolls of teleportation
 o - 4 scrolls of amnesia
 p - 5 scrolls of fog
 q - 11 scrolls of remove curse
 G - a scroll of fear
 Q - 3 scrolls of identify
Potions
 j - 2 potions of brilliance
 n - 6 potions of lignification
 r - 3 potions of haste
 t - 2 potions of mutation
 B - a potion of magic {unknown}
 E - 2 potions of invisibility
 J - 4 potions of flight
 M - 3 potions of heal wounds
 O - a potion of curing
Comestibles
 f - 22 rations
 P - 10 chunks of flesh


   Skills:
 + Level 10.3(9.7) Fighting
 + Level 9.3(8.7) Short Blades
 + Level 9.3(8.7) Long Blades
 + Level 10.3(9.7) Axes
 + Level 9.3(8.7) Maces & Flails
 + Level 9.3(8.7) Polearms
 + Level 9.3(8.7) Staves
 + Level 9.3(8.7) Slings
 + Level 9.3(8.7) Bows
 + Level 9.3(8.7) Crossbows
 + Level 9.7(9.0) Throwing
 + Level 9.7(9.0) Armour
 + Level 10.3(9.7) Dodging
 + Level 9.3(8.7) Stealth
 + Level 9.3(8.7) Shields
 + Level 9.3(8.7) Unarmed Combat
 + Level 10.5(9.8) Spellcasting
 + Level 7.8(7.1) Conjurations
 + Level 7.8(7.1) Hexes
 + Level 7.8(7.1) Charms
 + Level 7.8(7.1) Summonings
 + Level 7.8(7.1) Necromancy
 + Level 9.6(8.9) Translocations
 + Level 7.8(7.1) Transmutations
 + Level 7.8(7.1) Fire Magic
 + Level 7.8(7.1) Ice Magic
 + Level 7.8(7.1) Air Magic
 + Level 7.8(7.1) Earth Magic
 + Level 7.8(7.1) Poison Magic
 + Level 10.1(9.4) Invocations
 + Level 9.3(8.7) Evocations


You had 15 spell levels left.
You knew the following spells:

 Your Spells              Type           Power        Failure   Level  Hunger
a - Blink                 Tloc           N/A          1%          2    None
b - Shroud of Golubria    Chrm/Tloc      #####.       1%          2    None
c - Lesser Beckoning      Tloc           #####.....   1%          3    None
d - Teleport Other        Tloc           #####...     1%          3    None
e - Passage of Golubria   Tloc           N/A          6%          4    ###....
f - Sticks to Snakes      Tmut           ####....     1%          2    None
g - Swiftness             Chrm/Air       ####....     1%          2    None
h - Summon Butterflies    Summ           ####....     1%          1    None

Your spell library contained the following spells:

 Spells                   Type           Power        Failure   Level  Hunger
 Beastly Appendage        Tmut           ####..       1%          1    None
 Magic Dart               Conj           ####         1%          1    None
 Shock                    Conj/Air       ####         1%          1    None
 Summon Small Mammal      Summ           ####         1%          1    None
 Call Imp                 Summ           ####....     1%          2    None
 Searing Ray              Conj           ####..       1%          2    None
 Gell's Gravitas          Tloc           #####.....   1%          3    None
 Call Canine Familiar     Summ           ####....     4%          3    None
 Confusing Touch          Hex            ####....     4%          3    None
 Dazzling Flash           Conj/Hex       ####..       4%          3    None
 Spider Form              Tmut/Pois      ####......   4%          3    None
 Static Discharge         Conj/Air       ####....     4%          3    None
 Summon Guardian Golem    Hex/Summ       ####....     4%          3    None
 Iskenderun's Mystic Bla  Conj/Tloc      #####...     9%          4    ###....
 Airstrike                Air            ####......   13%         4    ###....
 Fulminant Prism          Conj/Hex       ####......   13%         4    ###....
 Ice Form                 Ice/Tmut       ####....     13%         4    ###....
 Petrify                  Tmut/Erth      ####....     13%         4    ###....
 Summon Ice Beast         Ice/Summ       ####....     13%         4    ###....
 Summon Lightning Spire   Summ/Air       ####....     13%         4    ###....
 Blade Hands              Tmut           ####......   36%         5    #####..
 Irradiate                Conj/Tmut      ####......   36%         5    #####..
 Lightning Bolt           Conj/Air       ####......   36%         5    #####..
 Metabolic Englaciation   Hex/Ice        ####......   36%         5    #####..
 Summon Mana Viper        Hex/Summ       ####....     36%         5    #####..
 Yara's Violent Unravell  Hex/Tmut       ####......   36%         5    #####..
 Hydra Form               Tmut           ####......   90%         6    ######.
 Statue Form              Tmut/Erth      ####.....    90%         6    ######.
 Dragon Form              Tmut           ####......   100%        7    #######
 Summon Hydra             Summ           ####......   100%        7    #######


Dungeon Overview and Level Annotations

Branches:
Dungeon (11/15)            Temple (1/1) D:7            Lair (6/6) D:11
 Shoals (0/4) Lair:2       Spider (0/4) Lair:3        IceCv (visited)
  Slime: Lair:5-6       Orc: D:9-12

Altars:
Cheibriados
Elyvilon
Gozag
Hepliaklqana
Makhleb
Nemelex Xobeh
Okawaru
Sif Muna
Trog
Uskayaw
Vehumet
Wu Jian
Xom
Yredelemnul
The Shining One
Jiyva

Annotations:
Lair:3 3 runed translucent doors, Platt's ghost, journeyman MiBe; solopath's ghost, journeyman BaIE


Innate Abilities, Weirdness & Mutations

Your experience applies equally to all skills.
You have very sharp teeth.
Your uncanny sense of smell can sniff out nearby items.


Message History

The spriggan rider is lightly wounded.
You feel sick.
The spriggan rider hits you with a +0 spear.
* * * LOW HITPOINT WARNING * * *
You completely miss the spriggan rider.
The spriggan rider is lightly wounded.
The spriggan rider hits you with a +0 spear.
* * * LOW HITPOINT WARNING * * *
You hit the spriggan rider. You burn the spriggan rider.
You bite the spriggan rider, but do no damage.
The spriggan rider is lightly wounded.
* * * LOW HITPOINT WARNING * * *
You feel sick.
The spriggan rider hits you with a +0 spear.
* * * LOW HITPOINT WARNING * * *
You hit the spriggan rider. You burn the spriggan rider.
The spriggan rider is moderately wounded.
The spriggan rider hits you with a +0 spear!
You die...
Your body disappears without a glow.

♣♣ ## ### ### ♣♣. ########.# ##
#.####.######♣♣♣..
..#....P.####.P#@#P.P.P#P#..P....
................i...............♣
...†..................÷.......♣♣♣
.....?....................÷...♣
..............................♣
...............................♣
...............................♣
..#.##...P.###...#..#####......♣
##### .#.### ##.##### #....#♣♣


You could see a spriggan rider.

Vanquished Creatures
  Gastronok (D:9)
  Nessos (Lair:6)
  Josephine (Lair:6)
  2 hydras
  8 death yaks (Lair:4)
  A two-headed ogre (D:8)
  A lindwurm (Lair:5)
  A wolf spider (Lair:3)
  2 oklob plants
  A manticore (Lair:2)
  10 elephants
  A torpor snail (Lair:3)
  2 black mambas
  11 spiny frogs
  3 rime drakes
  A queen bee (Lair:5)
  7 komodo dragons
  5 polar bears (Lair:6)
  3 trolls
  20 blink frogs
  The ghost of barney the Changer, an amateur DrTm of Cheibriados (D:4)
  15 dream sheep
  A slime creature (Lair:5)
  4 hornets (Lair:6)
  11 hippogriffs
  9 spriggans (Lair:6)
  A wyvern (D:10)
  Sigmund (D:4)
  3 wraiths
  46 yaks
  2 hogs (D:7)
  A golden eye (Lair:5)
  2 hungry ghosts
  A human (D:7)
  5 basilisks
  Edmund (D:5)
  8 water moccasins
  11 porcupines
  9 ice beasts
  4 sky beasts
  3 orc warriors
  2 phantoms
  5 black bears
  10 ogres
  2 boggarts (Lair:6)
  17 wolves
  5 centaurs
  9 crocodiles
  8 bullfrogs
  2 big kobolds
  A gnoll sergeant (D:8)
  2 scorpions
  A water moccasin skeleton (D:11)
  4 killer bees (D:8)
  3 wights (D:10)
  3 howler monkeys
  5 crimson imps
  A quasit (D:6)
  3 bullfrog zombies
  7 hounds
  9 jellies
  7 orc priests
  4 bullfrog skeletons
  A centaur skeleton (D:4)
  Crazy Yiuf (D:3)
  5 orc wizards
  Jessica (D:2)
  2 iguanas
  5 worker ants
  A hound zombie (D:8)
  A howler monkey zombie (D:7)
  3 gnolls (D:8)
  18 adders
  17 oozes
  An adder zombie (D:5)
  2 adder skeletons
  3 worms
  A dart slug (D:2)
  5 leopard geckos
  39 orcs
  A ball python (D:1)
  11 bats
  5 giant cockroaches
  11 goblins
  9 hobgoblins
  6 jackals
  5 quokkas
  3 frilled lizards
  2 jackal skeletons
  18 kobolds
  A leopard gecko skeleton (D:5)
  14 rats
  A fungus (Lair:1)
  5 plants
529 creatures vanquished.

Vanquished Creatures (collateral kills)
  Erica (D:9)
  A yak (Lair:3)
  2 ice beasts (IceCv)
  3 killer bees (D:9)
  An iguana (D:9)
8 creatures vanquished.

Vanquished Creatures (others)
  An orc wizard (D:10)
  A worker ant (D:9)
  A quokka (D:9)
  A bush (Lair:2)
  20 fungi
  13 plants
37 creatures vanquished.

Grand Total: 574 creatures vanquished

Notes
Turn   | Place    | Note
-------+----------+-------------------------------------------
     0 | D:1      | sizableburger the Gnoll Warper began the quest for the Orb.
     0 | D:1      | Reached XP level 1. HP: 20/20 MP: 6/6
   690 | D:1      | Reached XP level 2. HP: 26/26 MP: 7/7
   709 | D:1      | Learned a level 2 spell: Blink
  1103 | D:1      | Learned a level 2 spell: Shroud of Golubria
  1126 | D:2      | Noticed a howler monkey
  1138 | D:2      | Killed a howler monkey
  1138 | D:2      | Reached skill level 5 in Spellcasting
  1138 | D:2      | Reached skill level 1 in Invocations
  1138 | D:2      | Reached XP level 3. HP: 24/31 MP: 5/9
  1158 | D:2      | Reached skill level 1 in Short Blades
  1158 | D:2      | Reached skill level 1 in Long Blades
  1158 | D:2      | Reached skill level 1 in Maces & Flails
  1158 | D:2      | Reached skill level 1 in Polearms
  1158 | D:2      | Reached skill level 1 in Staves
  1158 | D:2      | Reached skill level 1 in Slings
  1158 | D:2      | Reached skill level 1 in Bows
  1158 | D:2      | Reached skill level 1 in Crossbows
  1158 | D:2      | Reached skill level 1 in Stealth
  1158 | D:2      | Reached skill level 1 in Shields
  1158 | D:2      | Reached skill level 1 in Unarmed Combat
  1158 | D:2      | Reached skill level 1 in Evocations
  1279 | D:2      | Reached XP level 4. HP: 30/38 MP: 11/11
  1552 | D:2      | Noticed Jessica
  1567 | D:2      | Learned a level 3 spell: Lesser Beckoning
  1571 | D:2      | Learned a level 3 spell: Teleport Other
  1763 | D:2      | Killed Jessica
  1763 | D:2      | Reached skill level 1 in Conjurations
  1763 | D:2      | Reached skill level 1 in Hexes
  1763 | D:2      | Reached skill level 1 in Charms
  1763 | D:2      | Reached skill level 1 in Summonings
  1763 | D:2      | Reached skill level 1 in Necromancy
  1763 | D:2      | Reached skill level 1 in Transmutations
  1763 | D:2      | Reached skill level 1 in Fire Magic
  1763 | D:2      | Reached skill level 1 in Ice Magic
  1763 | D:2      | Reached skill level 1 in Air Magic
  1763 | D:2      | Reached skill level 1 in Earth Magic
  1763 | D:2      | Reached skill level 1 in Poison Magic
  1862 | D:2      | Reached XP level 5. HP: 43/43 MP: 9/12
  2533 | D:3      | Found a snail-covered altar of Cheibriados.
  2987 | D:3      | Found a runed translucent door.
  2988 | D:3      | Noticed Crazy Yiuf
  3282 | D:3      | Reached XP level 6. HP: 14/50 MP: 10/14
  3764 | D:3      | Killed Crazy Yiuf
  3764 | D:3      | Reached skill level 5 in Fighting
  3764 | D:3      | Reached skill level 5 in Axes
  3764 | D:3      | Reached skill level 5 in Dodging
  4434 | D:4      | Noticed Sigmund
  4466 | D:4      | Found an iron altar of Okawaru.
  4603 | D:4      | Killed Sigmund
  4603 | D:4      | Reached XP level 7. HP: 23/56 MP: 10/15
  5197 | D:4      | Learned a level 4 spell: Passage of Golubria
  5275 | D:4      | Found a runed translucent door.
  5275 | D:4      | Noticed barney's ghost (amateur DrTm)
  5372 | D:5      | Entered Level 5 of the Dungeon
  5439 | D:4      | Killed barney's ghost
  5803 | D:5      | Reached XP level 8. HP: 55/63 MP: 16/16
  5938 | D:5      | Found a shimmering blue altar of Sif Muna.
  5939 | D:5      | Found a hazy altar of Hepliaklqana.
  6172 | D:5      | Noticed Edmund
  6197 | D:5      | Killed Edmund
  7709 | D:6      | Reached XP level 9. HP: 69/69 MP: 18/18
  8870 | D:7      | Reached skill level 5 in Throwing
  8870 | D:7      | Reached skill level 5 in Armour
  9076 | D:7      | Reached skill level 5 in Invocations
  9472 | D:7      | Reached XP level 10. HP: 77/77 MP: 20/20
  9529 | D:7      | Learned a level 2 spell: Sticks to Snakes
  9632 | D:7      | Found a staircase to the Ecumenical Temple.
  9705 | Temple   | Entered the Ecumenical Temple
  9732 | Temple   | Became a worshipper of Nemelex Xobeh the Trickster
 10615 | D:8      | Noticed a two-headed ogre
 10640 | D:8      | Killed a two-headed ogre
 10640 | D:8      | Reached skill level 5 in Short Blades
 10640 | D:8      | Reached skill level 5 in Long Blades
 10640 | D:8      | Reached skill level 5 in Maces & Flails
 10640 | D:8      | Reached skill level 5 in Polearms
 10640 | D:8      | Reached skill level 5 in Staves
 10640 | D:8      | Reached skill level 5 in Slings
 10640 | D:8      | Reached skill level 5 in Bows
 10640 | D:8      | Reached skill level 5 in Crossbows
 10640 | D:8      | Reached skill level 5 in Stealth
 10640 | D:8      | Reached skill level 5 in Shields
 10640 | D:8      | Reached skill level 5 in Unarmed Combat
 10640 | D:8      | Reached skill level 5 in Evocations
 11780 | D:8      | Found a burning altar of Makhleb.
 11785 | D:8      | Received a gift from Nemelex Xobeh
 14348 | D:9      | Found a viscous altar of Jiyva.
 14443 | D:9      | Noticed Gastronok
 14474 | D:9      | Killed Gastronok
 14474 | D:9      | Reached XP level 11. HP: 26/84 MP: 22/22
 14494 | D:9      | Reached skill level 5 in Conjurations
 14494 | D:9      | Reached skill level 5 in Hexes
 14494 | D:9      | Reached skill level 5 in Charms
 14494 | D:9      | Reached skill level 5 in Summonings
 14494 | D:9      | Reached skill level 5 in Necromancy
 14494 | D:9      | Reached skill level 5 in Transmutations
 14494 | D:9      | Reached skill level 5 in Fire Magic
 14494 | D:9      | Reached skill level 5 in Ice Magic
 14494 | D:9      | Reached skill level 5 in Air Magic
 14494 | D:9      | Reached skill level 5 in Earth Magic
 14494 | D:9      | Reached skill level 5 in Poison Magic
 14937 | D:9      | Reached * piety under Nemelex Xobeh
 15088 | D:9      | Noticed Erica
 15503 | D:9      | Killed Erica
 16194 | D:10     | Entered Level 10 of the Dungeon
 17237 | D:10     | Learned a level 2 spell: Swiftness
 17689 | D:11     | Found a frozen archway.
 17833 | IceCv    | Entered an ice cave
 18339 | D:11     | Paralysed by a hornet for 1 turns
 18654 | D:11     | Noticed a five-headed hydra
 18818 | D:11     | Reached XP level 12. HP: 74/93 MP: 21/24
 19583 | D:11     | Found a staircase to the Lair.
 19861 | Lair:1   | Entered Level 1 of the Lair of Beasts
 19959 | Lair:1   | Reached ** piety under Nemelex Xobeh
 20996 | Lair:1   | Received a gift from Nemelex Xobeh
 21909 | Lair:2   | Found a staircase to the Shoals.
 22510 | Lair:2   | Got an iridescent quarterstaff
 22522 | Lair:2   | Identified the cursed +1 quarterstaff of Accord {freeze,
                  | Stlth+} (You found it on level 2 of the Lair of Beasts)
 22694 | Lair:2   | Reached *** piety under Nemelex Xobeh
 22698 | Lair:2   | Received a gift from Nemelex Xobeh
 24711 | Lair:2   | Learned a level 1 spell: Summon Butterflies
 25018 | Lair:3   | Found a runed translucent gate.
 25019 | Lair:3   | Found a runed translucent gate.
 25083 | Lair:3   | Found a runed translucent gate.
 25434 | Lair:3   | Noticed an eight-headed hydra
 25444 | Lair:3   | Killed a three-headed hydra
 25700 | Lair:3   | Found a hole to the Spider Nest.
 26044 | Lair:3   | Reached XP level 13. HP: 100/101 MP: 24/26
 26209 | Lair:3   | Received a gift from Nemelex Xobeh
 26641 | Lair:3   | Noticed Platt's ghost (journeyman MiBe)
 26641 | Lair:3   | Noticed solopath's ghost (journeyman BaIE)
 27625 | Lair:4   | Reached **** piety under Nemelex Xobeh
 27625 | Lair:4   | Received a gift from Nemelex Xobeh
 29106 | Lair:4   | You fall into a shaft and drop 2 floors!
 29106 | Lair:6   | Entered Level 6 of the Lair of Beasts
 29328 | Lair:6   | Noticed Josephine
 29355 | Lair:5   | Received a gift from Nemelex Xobeh
 30394 | Lair:4   | Reached skill level 10 in Spellcasting
 30671 | Lair:4   | Reached XP level 14. HP: 109/109 MP: 28/28
 30908 | Lair:4   | Found a shimmering altar of Xom.
 31171 | Lair:5   | Received a gift from Nemelex Xobeh
 31984 | Lair:5   | Received a gift from Nemelex Xobeh
 32748 | Lair:6   | Noticed Nessos
 32767 | Lair:5   | Reached skill level 10 in Fighting
 32767 | Lair:5   | Reached skill level 10 in Axes
 32767 | Lair:5   | Reached skill level 10 in Dodging
 33653 | Lair:6   | Killed Nessos
 34699 | Lair:6   | Reached skill level 10 in Invocations
 35659 | Lair:6   | Received a gift from Nemelex Xobeh
 35679 | Lair:6   | Killed Josephine
 35944 | Lair:6   | HP: 3/111 [spriggan rider/+0 spear (3)]
 35945 | Lair:6   | HP: 1/111 [spriggan rider/+0 spear (2)]
 35946 | Lair:6   | Mangled by a spriggan rider

Illustrated notes

Levels and vault maps discovered:
D:1:      minmay_arrival_radiant_lines, layout_loops_corners
D:2:      minmay_inner_zag, layout_basic, uniq_jessica
D:3:      layout_basic, overflow_temple_1_default, uniq_crazy_yiuf_cottage
D:4:      layout_cave_pools, kennysheep_mini_moat, gammafunk_ghost_grave,
          uniq_sigmund
D:5:      layout_basic, gammafunk_temple_overflow_statue, first_ration,
          minmay_fractal_squares_5, uniq_edmund
D:6:      layout_loops_ring
D:7:      layout_rooms, minmay_temple_entry_statues_fountains, grunt_livestock,
          lemuel_flame_loot_1
D:8:      layout_basic, bloody_makhleb
D:9:      layout_cave_pods, jiyva_altar_1, uniq_erica, uniq_gastronok
D:10:     layout_loops_cross
D:11:     minmay_the_grid_triangle_9x9_recursive_3_mashed
          [minmay_the_grid_triangle_9x9_subtriangle,
          minmay_the_grid_triangle_9x9_dagger,
          minmay_the_grid_triangle_9x9_odd_lines,
          minmay_the_grid_triangle_9x9_prize_center,
          minmay_the_grid_triangle_9x9_from_above,
          minmay_the_grid_triangle_9x9_longest,
          minmay_the_grid_triangle_9x9_shrine,
          minmay_the_grid_triangle_9x9_stretched_checkered,
          minmay_the_grid_triangle_9x9_impossible_snake], layout_irregular_city,
          dpeg_oklobed_lair, portal_ice_cave_entry_pillars_1
Temple:   eino_narrow_crystal_temple
Lair:1:   layout_regular_city
Lair:2:   layout_roguey, minmay_shoals_entry_beasts
Lair:3:   layout_regular_city, spider_nest_entry_rubble,
          gammafunk_ghost_cemetery, st_stairs_12
Lair:4:   layout_cave_pods, basic_altar, minmay_lair_oklob_items
Lair:5:   lemuel_slime, layout_cave_pods, patterned_corridor
Lair:6:   minmay_lair_end_enchanted_forest, layout_big_grid,
          minmay_slime_entry_pillars, st_stairs_10, uniq_nessos, uniq_josephine

Skill      XL: |  1  2  3  4  5  6  7  8  9 10 11 12 13 14 |
---------------+-------------------------------------------+-----
Spellcasting   | 5 6 7 8 9 10 | 10.5
Invocations    | 1 2 3 4 5 6 7 8 9 10 | 10.1
Short Blades   | 1 2 3 4 6 7 8 9 |  9.3
Long Blades    | 1 2 3 4 6 7 8 9 |  9.3
Maces & Flails | 1 2 3 4 6 7 8 9 |  9.3
Polearms       | 1 2 3 4 6 7 8 9 |  9.3
Staves         | 1 2 3 4 6 7 8 9 |  9.3
Slings         | 1 2 3 4 6 7 8 9 |  9.3
Bows           | 1 2 3 4 6 7 8 9 |  9.3
Crossbows      | 1 2 3 4 6 7 8 9 |  9.3
Stealth        | 1 2 3 4 6 7 8 9 |  9.3
Shields        | 1 2 3 4 6 7 8 9 |  9.3
Unarmed Combat | 1 2 3 4 6 7 8 9 |  9.3
Evocations     | 1 2 3 4 6 7 8 9 |  9.3
Conjurations   | 1 2 3 4 5 6 7 |  7.8
Hexes          | 1 2 3 4 5 6 7 |  7.8
Charms         | 1 2 3 4 5 6 7 |  7.8
Summonings     | 1 2 3 4 5 6 7 |  7.8
Necromancy     | 1 2 3 4 5 6 7 |  7.8
Transmutations | 1 2 3 4 5 6 7 |  7.8
Fire Magic     | 1 2 3 4 5 6 7 |  7.8
Ice Magic      | 1 2 3 4 5 6 7 |  7.8
Air Magic      | 1 2 3 4 5 6 7 |  7.8
Earth Magic    | 1 2 3 4 5 6 7 |  7.8
Poison Magic   | 1 2 3 4 5 6 7 |  7.8
Throwing       | 3 4 5 6 7 8 9 |  9.7
Armour         | 3 4 5 6 7 8 9 |  9.7
Fighting       | 5 6 7 8 9 10 | 10.3
Axes           | 5 6 7 8 9 10 | 10.3
Dodging        | 5 6 7 8 9 10 | 10.3
Translocations | 6 7 8 9 |  9.6

Action                   |  1- 3 |  4- 6 |  7- 9 | 10-12 | 13-15 || total
-------------------------+-------+-------+-------+-------+-------++-------
Melee: Hand axe          |    60 |   279 |   626 |  2197 |       ||  3162
       Bite              |     1 |    15 |    78 |   378 |   151 ||   623
       Punch             |       |     1 |     8 |       |       ||     9
       Scimitar          |       |       |       |    85 |   960 ||  1045
Throw: Boomerang         |       |     5 |     2 |    27 |       ||    34
 Cast: Shroud of Golubri |     2 |    15 |    15 |     7 |     3 ||    42
       Lesser Beckoning  |       |     3 |       |       |       ||     3
       Teleport Other    |       |     6 |     2 |     4 |     2 ||    14
       Blink             |       |       |       |    15 |     8 ||    23
       Passage of Golubr |       |       |       |     3 |     4 ||     7
       Sticks to Snakes  |       |       |       |    10 |     1 ||    11
       Summon Butterflie |       |       |       |     2 |     8 ||    10
       Swiftness         |       |       |       |       |     1 ||     1
Invok: Draw Destruction  |       |       |       |     9 |     3 ||    12
       Draw Summoning    |       |       |       |     1 |       ||     1
       Triple Draw       |       |       |       |     1 |       ||     1
Evoke: Wand              |       |       |    10 |    14 |     3 ||    27
  Use: Scroll            |       |    11 |     2 |    14 |    10 ||    37
       Potion            |       |     2 |     1 |     5 |     5 ||    13
 Stab: Sleeping          |     2 |     1 |    10 |     5 |     4 ||    22
       Distracted        |       |     2 |     1 |     3 |     3 ||     9
  Eat: Chunk             |     1 |     8 |    11 |    26 |    18 ||    64
       Ration            |       |     1 |     2 |    10 |     5 ||    18
Armor: Leather armour    |    10 |    53 |   138 |     7 |       ||   208
       Scale mail        |       |       |       |   606 |   256 ||   862
Dodge: Dodged            |    46 |   224 |   481 |  1603 |   832 ||  3186
Block: Buckler           |       |       |    21 |   627 |   453 ||  1101
       Rpst.: Scimitar   |       |       |       |    14 |   240 ||   254
